 Dungeon Crawl Stone Soup version 0.28.0 (webtiles) character file.

Game seed: 1514593430140440132

3977 crazypyro the Cleaver (level 10, -10/90 HPs)
             Began as a Minotaur Fighter on Feb 5, 2022.
             Was an Elder of Wu Jian.
             Mangled by a spriggan (11 damage)
             ... in a bailey.
             The game lasted 00:10:01 (8028 turns).

crazypyro the Cleaver (Minotaur Fighter)            Turns: 8028, Time: 00:10:02

Health: -10/90     AC: 13    Str: 24    XL:     10   Next: 2%
Magic:  9/9        EV:  9    Int:  5    God:    Wu Jian [****..]
Gold:   386        SH:  4    Dex: 11    Spells: 9/9 levels left

rFire   . . .      SeeInvis .   b - +3 war axe (chaos)
rCold   . . .      Faith    .   c - +0 buckler
rNeg    . . .      Spirit   .   m - +3 chain mail {rPois}
rPois   +          Reflect  .   (helmet restricted)
rElec   .          Harm     .   s - +0 cloak
rCorr   .          Rampage  .   (no gloves)
Will    .....                   (no boots)
Stlth   ..........              p - amulet of the acrobat
HPRegen 0.25/turn               (no ring)
MPRegen 0.11/turn               (no ring)

@: mighty, exhausted, studying Fire Magic
A: horns 2, retaliatory headbutt
a: Renounce Religion, Wall Jump, Serpent's Lash


You were in a bailey.
You worshipped Wu Jian.
Wu Jian was greatly pleased with you.
You visited 1 branch of the dungeon, and saw 8 of its levels.
You also visited: Bailey.

You collected 386 gold pieces.

Inventory:

Hand Weapons
 a - a +2 vorpal war axe
 b - a +3 war axe of chaos (weapon)
 x - a +1 war axe of protection
Armour
 c - a +0 buckler (worn)
 h - a +0 plate armour
 m - a +3 chain mail of poison resistance (worn)
 o - a +0 scale mail
 s - a +0 cloak (worn)
Jewellery
 j - a ring of magical power
 p - an amulet of the acrobat (around neck)
 u - a ring of flight
 v - an amulet of guardian spirit
Wands
 i - a wand of iceblast (21)
 r - a wand of flame (26)
 w - a wand of polymorph (12)
 y - a wand of paralysis (16)
Scrolls
 g - 4 scrolls of fog
 n - 3 scrolls of teleportation
 q - a scroll of blinking
 t - 7 scrolls of identify
 z - a scroll of enchant armour
 A - a scroll of fear
Potions
 e - 3 potions of curing {unknown}
 f - a potion of ambrosia {unknown}
 k - a potion of lignification {unknown}
 l - a potion of heal wounds {unknown}


   Skills:
 + Level 8.5 Fighting
 * Level 14.3 Axes
 - Level 4.0 Armour
 - Level 4.5 Dodging
 - Level 4.0 Shields


You had 9 spell levels left.
You didn't know any spells.
Your spell library contained the following spells:

 Spells                   Type           Power      Damage    Failure   Level
 Magic Dart               Conj           0%         1d3       99%         1
 Slow                     Hex            0%         N/A       99%         1
 Call Imp                 Summ           0%         N/A       100%        2
 Confusing Touch          Hex            0%         N/A       100%        3
 Dazzling Flash           Conj/Hex       0%         N/A       100%        3
 Mephitic Cloud           Conj/Pois/Air  0%         N/A       100%        3
 Vampiric Draining        Necr           0%         2d6       100%        3
 Agony                    Necr           0%         N/A       100%        5
 Silence                  Hex/Air        0%         N/A       100%        5


Dungeon Overview and Level Annotations

Branches:
Dungeon (8/15)             Temple (0/1) D:5            Lair (0/6) D:8
 Bailey (1/1)

Altars:
Ashenzari
Cheibriados
Elyvilon
Gozag
Hepliaklqana
Nemelex Xobeh
Trog
Wu Jian
Xom
Yredelemnul
The Shining One

Shops:
D:5 [:*(


Innate Abilities, Weirdness & Mutations

You have a pair of horns on your head.
You reflexively headbutt those who attack you in melee.


Message History

Things that are here:
a +0 halberd; an ogre corpse The spriggan completely misses you.
The spriggan hits you but does no damage.
The spriggan misses you. The spriggan barely misses you.
Okay, then.
Your muscles tense, ready for explosive movement...
Your supernatural speed expires.
Okay, then.
You don't know any spells.
The spriggan completely misses you.
You enter the shallow water.
Moving in this stuff is going to be slow.
The spriggan seems less drained.
The spriggan barely misses you. The spriggan completely misses you.
The spriggan closely misses you. The spriggan completely misses you.
The spriggan hits you from afar with a +0 trident.
* * * LOW HITPOINT WARNING * * *
The spriggan misses you.
The spriggan splashes around in the water.
The spriggan closely misses you.
Okay, then.
You feel very mighty all of a sudden. The spriggan barely misses you.
The spriggan hits you from afar with a +0 trident.
* * * LOW HITPOINT WARNING * * *
You lunge at the spriggan.
You miss the spriggan.
The spriggan is almost dead.
The spriggan hits you from afar with a +0 spear!
* * * LOW HITPOINT WARNING * * *
The spriggan hits you with a +0 trident.
* * * LOW HITPOINT WARNING * * *
The spriggan hits you but does no damage.
You barely miss the spriggan.
The spriggan is almost dead.
The spriggan hits you from afar with a +0 spear!
* * * LOW HITPOINT WARNING * * *
The spriggan hits you with a +0 trident!
You die...

########
##...O... ###
##..).....
##.##
##..#####♣#
##...## ##..##
# #...@.#
##.O♣#
##...i.###..##
#...∩.ii≈≈..#
#.....iO≈≈..#
#......≈≈≈..♣
♣
#......≈≈≈..#
♣
#...∩..≈≈≈..#
♣
##.....###..#
. #.....#
##..# ..


You could see a two-headed ogre and 4 spriggans.

Vanquished Creatures
  Maggie (D:6)
  Sigmund (D:2)
  3 spriggans (Bailey)
  A water moccasin (D:8)
  2 orc warriors
  2 necrophages
  An ice beast (D:7)
  3 ogres
  2 centaurs
  Blork the orc (D:5)
  A phantom (D:4)
  A kobold brigand (D:8)
  4 bullfrogs
  2 scorpions
  A water moccasin skeleton (D:4)
  3 wights (D:3)
  A howler monkey (D:5)
  A bullfrog zombie (D:6)
  3 hounds
  4 jellies
  A bullfrog skeleton (D:4)
  A gnoll shaman (D:7)
  5 orc priests
  4 centaur skeletons
  4 iguanas
  13 orc wizards
  Terence (D:2)
  A hound skeleton (D:4)
  4 gnolls (D:7)
  A howler monkey skeleton (D:5)
  10 adders
  2 shadow imps (D:5)
  2 ufetubi (D:7)
  An adder skeleton (D:4)
  4 worms
  2 dart slugs
  36 orcs
  9 endoplasms
  7 giant cockroaches
  7 goblins
  9 hobgoblins
  5 jackals
  7 quokkas
  7 ball pythons
  2 bats
  4 frilled lizards
  8 kobolds
  2 rats
  A spectral kobold (D:3)
198 creatures vanquished.

Vanquished Creatures (others)
  An orc wizard (D:6)
1 creature vanquished.

Grand Total: 199 creatures vanquished

Notes
Turn   | Place    | Note
-------+----------+-------------------------------------------
     0 | D:1      | crazypyro the Minotaur Fighter began the quest for the Orb.
     0 | D:1      | Reached XP level 1. HP: 19/19 MP: 0/0
   342 | D:1      | Reached XP level 2. HP: 27/27 MP: 1/1
   718 | D:1      | Reached skill level 3 in Axes
   723 | D:1      | Reached XP level 3. HP: 30/33 MP: 2/2
  1273 | D:2      | Noticed Sigmund
  1277 | D:2      | Reached skill level 4 in Axes
  1283 | D:2      | Killed Sigmund
  1284 | D:2      | Reached skill level 6 in Axes
  1284 | D:2      | Reached XP level 4. HP: 20/40 MP: 3/3
  1284 | D:2      | Reached XP level 5. HP: 23/46 MP: 4/4
  1778 | D:2      | Noticed Terence
  1795 | D:2      | Killed Terence
  2256 | D:3      | Reached skill level 7 in Axes
  2256 | D:3      | Reached XP level 6. HP: 49/52 MP: 5/5
  2367 | D:3      | Reached skill level 1 in Dodging
  2373 | D:3      | Found a glowing golden altar of the Shining One.
  2516 | D:3      | Found a white marble altar of Elyvilon.
  2639 | D:3      | Found a sparkling altar of Nemelex Xobeh.
  2736 | D:3      | Found a faded altar of an unknown god.
  2773 | D:3      | Prayed at the altar of an unknown god.
  2773 | D:3      | Became a worshipper of the Wu Jian Council
  2773 | D:3      | Reached * piety under Wu Jian
  3110 | D:3      | Found a hazy altar of Hepliaklqana.
  3701 | D:3      | Reached skill level 8 in Axes
  3701 | D:3      | Reached XP level 7. HP: 44/59 MP: 6/6
  4051 | D:3      | Reached skill level 9 in Axes
  4169 | D:4      | Found a shimmering altar of Xom.
  4384 | D:4      | Found a broken altar of Ashenzari.
  4445 | D:4      | Reached ** piety under Wu Jian
  4446 | D:4      | Reached XP level 8. HP: 66/66 MP: 7/7
  4626 | D:4      | Reached skill level 10 in Axes
  4861 | D:5      | Entered Level 5 of the Dungeon
  4918 | D:5      | Found an ornate altar of the Wu Jian Council.
  5131 | D:5      | Reached skill level 5 in Fighting
  5131 | D:5      | Reached skill level 11 in Axes
  5308 | D:5      | Noticed Blork the orc
  5311 | D:5      | Killed Blork the orc
  5393 | D:5      | Found a staircase to the Ecumenical Temple.
  5480 | D:5      | Found Mifes's Book Emporium.
  5480 | D:5      | Found Datu's Antique Weapon Emporium.
  5482 | D:5      | Found Baveor's Antique Armour Emporium.
  5482 | D:5      | Found Jupob's General Store.
  5779 | D:6      | Reached *** piety under Wu Jian
  6034 | D:6      | Reached XP level 9. HP: 51/75 MP: 8/8
  6289 | D:6      | Reached skill level 12 in Axes
  6574 | D:6      | Noticed Maggie
  6585 | D:6      | Killed Maggie
  7043 | D:7      | Found an opulent altar of Gozag.
  7114 | D:7      | Reached skill level 13 in Axes
  7703 | D:8      | Reached **** piety under Wu Jian
  7816 | D:8      | Found a snail-covered altar of Cheibriados.
  7816 | D:8      | Found a basalt altar of Yredelemnul.
  7817 | D:8      | Found a bloodstained altar of Trog.
  7915 | D:8      | Found a staircase to the Lair.
  7920 | D:8      | Found a flagged portal.
  7929 | Bailey   | Entered a bailey
  7948 | Bailey   | Reached skill level 14 in Axes
  7999 | Bailey   | Noticed a two-headed ogre
  8004 | Bailey   | Reached XP level 10. HP: 26/90 MP: 9/9
  8028 | Bailey   | HP: 1/90 [spriggan (9)]
  8028 | Bailey   | Mangled by a spriggan

Illustrated notes

Levels and vault maps discovered:
D:1:      elethiomel_arrival_shortcut, layout_loops_ring,
          minmay_misc_feat_roman, minmay_worlds_worst_comb
D:2:      layout_loops_ring, minmay_misc_feat_rows,
          minmay_misc_feat_four_crosses, nicolae_underground_beach,
          uniq_terence, uniq_sigmund
D:3:      layout_loops_ring, nicolae_hepliaklqana_monster_ancestors,
          elyvilon_altar_4, nemelex_dance_club_becter,
          mainiacjoe_overflow_cross_hatched, shapermc_ecumenical_altar_venn
D:4:      minmay_wonky_spiral, layout_cave_pools, evilmike_ruin_ashenzari,
          xom_confusion_cloud, kennysheep_generic_room_4
D:5:      minmay_spotlight, layout_cave_pools, lemuel_round_altar,
          temple_hall_moat, minmay_shop_grid_forest, uniq_blork_the_orc
D:6:      layout_basic, minmay_a_box_with_orc_wizards_in_it, uniq_maggie
D:7:      layout_rooms, nicolae_gozag_cash_rules_everything_around_me
D:8:      layout_rooms, chequers_temple_overflow_statue_of_worship,
          lair_entry_dummy, enter_bailey_2, eino_small_chamber_without_monster
Bailey:   bailey_polearm_enchanted_keep_hellmonk, bailey

Skill      XL: |  1  2  3  4  5  6  7  8  9 |
---------------+----------------------------+-----
Fighting       | 4 6 8 |  8.5
Armour         | 4 |  4.0
Shields        | 4 |  4.0
Axes           | 3 6 7 8 9 11 14 | 14.3
Dodging        | 2 4 |  4.5

Action                   |  1- 3 |  4- 6 |  7- 9 | 10-12 || total
-------------------------+-------+-------+-------+-------++-------
Melee: War axe           |    87 |    91 |   312 |     2 ||   492
       Headbutt          |     6 |    14 |    61 |       ||    81
Invok: Lunge             |       |       |    29 |     1 ||    30
       Whirlwind         |       |       |     2 |       ||     2
       Serpent's Lash    |       |       |       |     1 ||     1
  Use: Scroll            |       |       |    11 |       ||    11
       Potion            |       |       |       |     1 ||     1
Armor: Scale mail        |     6 |       |       |       ||     6
       Plate armour      |    52 |    14 |       |       ||    66
       Chain mail        |       |    44 |   138 |     3 ||   185
Dodge: Dodged            |    25 |    30 |   116 |    20 ||   191
Block: Buckler           |    22 |    16 |    49 |       ||    87
